 Dungeon Crawl Stone Soup version 0.27.0-1-g7a089689b8 (webtiles) character file.

Game seed: 12352882235494652567

184 Strat the Ruffian (level 5, -6/28 HPs)
             Began as a Vine Stalker Gladiator on Aug 12, 2021.
             Mangled by an ogre (24 damage)
             ... on level 4 of the Dungeon.
             The game lasted 00:07:04 (2008 turns).

Strat the Ruffian (Vine Stalker Gladiator)          Turns: 2008, Time: 00:07:04

Health: -6/28      AC:  5    Str: 17    XL:     5   Next: 63%
Magic:  0/6        EV: 12    Int:  8    God:
Gold:   91         SH:  0    Dex: 16    Spells: 4/4 levels left

rFire    . . .     SeeInvis .     - Unarmed
rCold    . . .     Faith    .   (no shield)
rNeg     . . .     Spirit   +   a - +0 leather armour
rPois    .         Reflect  .   e - +0 helmet
rElec    .         Harm     .   (no cloak)
rCorr    .         Rampage  .   (no gloves)
Will     .....                  f - +0 pair of boots
Stlth    +.........             (no amulet)
HPRegen  1.09/turn              o - +4 ring of slaying
MPRegen  0.10/turn              (no ring)

@: no status effects
A: fangs 2, regeneration 1, magic shield, antimagic bite, no potion heal 2
a: no special abilities


You were on level 4 of the Dungeon.
You visited 1 branch of the dungeon, and saw 4 of its levels.

You collected 91 gold pieces.

Inventory:

Hand Weapons
 b - a +0 hunting sling
Missiles
 c - 2 throwing nets
 g - 5 silver boomerangs
 l - 48 poisoned darts (quivered)
 m - 94 stones
Armour
 a - a +0 leather armour (worn)
 e - a +0 helmet (worn)
 f - a +0 pair of boots (worn)
Jewellery
 o - a +4 ring of slaying (left hand)
Scrolls
 h - a scroll of immolation
 j - a scroll of vulnerability
 n - a scroll of noise {unknown}
 r - a scroll of teleportation
 s - 2 scrolls of enchant weapon {unknown}
 u - a scroll of fear {unknown}
Potions
 d - a potion of heal wounds
 i - a potion of attraction
 k - a potion of degeneration {unknown}
 p - a potion of experience {unknown}
 q - a potion of cancellation {unknown}
 t - a potion of curing {unknown}


   Skills:
 + Level 3.2 Fighting
 - Level 1.7 Throwing
 - Level 2.4 Dodging
 * Level 5.3 Unarmed Combat


You had 4 spell levels left.
You didn't know any spells.
Your spell library contained the following spells:

 Spells                   Type           Power      Damage    Failure   Level
 Animate Skeleton         Necr           0%         N/A       47%         1
 Corona                   Hex            0%         N/A       47%         1
 Pain                     Necr           0%         1d4       47%         1
 Blink                    Tloc           N/A        N/A       63%         2
 Ensorcelled Hibernation  Hex/Ice        0%         N/A       63%         2
 Lesser Beckoning         Tloc           0%         N/A       85%         3
 Tukima's Dance           Hex            0%         N/A       85%         3
 Vampiric Draining        Necr           0%         2d6       85%         3
 Manifold Assault         Tloc           0%         N/A       100%        5


Dungeon Overview and Level Annotations

Branches:
Dungeon (4/15)
 Temple: D:4-7

Altars:
Kikubaaqudgha
Trog
Zin

Annotations:
D:4 Natasha


Innate Abilities, Weirdness & Mutations

You have extremely sharp teeth.
Your natural rate of healing is unusually fast.
When hurt, damage is shared between your health and your magic reserves.
Your bite disrupts and absorbs the magic of your enemies.
Potions cannot restore your health.


Message History

You punch the gnoll!
You kill the gnoll!
Things that are here:
a +0 flail; a gnoll corpse
Items here: ))) ††.
Items here: ))) ††.
Items here: ))) ††.
A hound skeleton comes into view.
Found 18 stones.
You hit the hound skeleton. You punch the hound skeleton!
Your bite misses the hound skeleton.
The hound skeleton is heavily damaged.
The hound skeleton bites you but does no damage.
You punch the hound skeleton!
You destroy the hound skeleton!
m - 94 stones (gained 18)
A ball python comes into view.
The ball python hisses angrily.
The ball python bites you. The ball python misses you.
You punch the ball python!
You kill the ball python!
The ogre shouts!
A worm is nearby!
You hit the ogre. You punch the ogre. You bite the ogre. You drain its power.
The ogre is lightly wounded.
The ogre barely misses you.
You punch the ogre! You bite the ogre. You drain its power.
The ogre is heavily wounded.
The ogre hits you with a +0 giant spiked club!
* * * LOW HITPOINT WARNING * * *
You barely miss the ogre.
The ogre is heavily wounded.
You barely miss the ogre. Your bite misses the ogre.
The ogre is heavily wounded.
The ogre barely misses you.
You punch the ogre!
The ogre is almost dead.
The ogre hits you with a +0 giant spiked club!!
Ouch! That really hurt!
You die...

....###.# ###.... .....##.##
##...... .........# ##.......
.......#.## #........
..........## ##........
O.....#....## #.........
.........#..## #######.........
..w.....###..#####...............
........# ##...O@................
..^....## ##.###########.........
......## #..# ##.....### ......#
#..# ####### .....## #..# ....##
#.## ....# ##.# ...# #..# #..#
#..#


You could see an ogre.

Vanquished Creatures
  Natasha (D:4)
  A hound skeleton (D:4)
  4 gnolls (D:4)
  5 adders
  A dart slug (D:2)
  5 ball pythons
  5 endoplasms
  4 giant cockroaches
  2 hobgoblins
  12 jackals
  4 kobolds
  4 quokkas
  4 bats
  2 frilled lizards
  4 goblins
  A rat (D:1)
59 creatures vanquished.

Vanquished Creatures (others)
  2 fungi (D:2)
2 creatures vanquished.

Grand Total: 61 creatures vanquished

Notes
Turn   | Place    | Note
-------+----------+-------------------------------------------
     0 | D:1      | Strat the Vine Stalker Gladiator began the quest for the
                  | Orb.
     0 | D:1      | Reached XP level 1. HP: 11/11 MP: 2/2
   190 | D:1      | Reached XP level 2. HP: 10/15 MP: 3/3
   325 | D:2      | Found a faded altar of an unknown god.
   501 | D:2      | Reached XP level 3. HP: 11/18 MP: 4/4
   621 | D:2      | Reached skill level 4 in Unarmed Combat
   851 | D:3      | Gained mutation: Your natural rate of healing is unusually
                  | fast. [Vine Stalker growth]
   851 | D:3      | Reached XP level 4. HP: 23/23 MP: 5/5
   936 | D:3      | Found a bloodstained altar of Trog.
  1058 | D:3      | Found an ancient bone altar of Kikubaaqudgha.
  1230 | D:3      | Found a glowing silver altar of Zin.
  1554 | D:4      | Noticed an ogre
  1633 | D:4      | Noticed Natasha
  1647 | D:4      | Killed Natasha
  1648 | D:4      | Reached XP level 5. HP: 28/28 MP: 6/6
  1677 | D:4      | Reached skill level 5 in Unarmed Combat
  1721 | D:4      | Noticed Natasha
  2008 | D:4      | Mangled by an ogre

Illustrated notes

Levels and vault maps discovered:
D:1:      dpeg_arrival_more_subterranean_lakeside_camping, layout_basic
D:2:      layout_basic, dreamdust_ecumenical_altar_grove, bh_walls_and_bars
D:3:      layout_basic, mainiacjoe_overflow_tiny_flanked, pf_just_have_faith,
          kiku_gazebo_garden_becter
D:4:      layout_cave_pods, ebering_ghost_gozag, uniq_natasha

Skill      XL: |  1  2  3  4  5 |
---------------+----------------+-----
Fighting       | 2 3 |  3.2
Unarmed Combat | 4 5 |  5.3
Throwing       | |  1.7
Dodging        | |  2.4

Action                   |  1- 3 |  4- 6 || total
-------------------------+-------+-------++-------
Melee: Unarmed           |    78 |    41 ||   119
       Bite              |    16 |    12 ||    28
       Punch             |     1 |     4 ||     5
 Fire: Hunting sling     |    11 |    32 ||    43
Throw: Throwing net      |     1 |       ||     1
  Use: Scroll            |       |     5 ||     5
 Stab: Sleeping          |     1 |       ||     1
Armor: Leather armour    |    30 |    11 ||    41
Dodge: Dodged            |    76 |    32 ||   108
